[ AOE2 MATCH · #458024253 ]
Team RMMapuche vs Magyars
[ REPLAY ANALYSIS · EXTRACTED FROM THE RECORDED GAME ]
Feudal
14:28
Castle
18:59
Imperial
36:52
| APM avg | 27.7 |
| APM peak | 57 |
| eAPM avg | 16.3 |
| Villagers / military | 167 / 669 |
Focus
⚔️ 38.3% · 🌾 61.7%
Skirmisher ×318 · Spearman ×302 · Kona ×39 · Fishing Ship ×16 · Trebuchet (Packed) ×6 · Battering Ram ×4
Feudal
—
Castle
—
Imperial
—
| APM avg | 32.2 |
| APM peak | 69 |
| eAPM avg | 18.4 |
| Villagers / military | 210 / 297 |
Focus
⚔️ 41.0% · 🌾 59.0%
Scout Cavalry ×91 · Conquistador ×88 · Skirmisher ×88 · Fishing Ship ×17 · Battering Ram ×16 · Knight ×6
Feudal
18:04
Castle
23:16
Imperial
43:21
| APM avg | 25.5 |
| APM peak | 51 |
| eAPM avg | 14.6 |
| Villagers / military | 179 / 535 |
Focus
⚔️ 34.7% · 🌾 65.3%
Samurai ×364 · Spearman ×165 · Fishing Ship ×10 · Fire Galley ×4 · Demolition Raft ×1 · Monk ×1
Feudal
14:04
Castle
18:09
Imperial
—
| APM avg | 46.0 |
| APM peak | 91 |
| eAPM avg | 20.8 |
| Villagers / military | 181 / 155 |
Focus
⚔️ 23.3% · 🌾 76.7%
Archer ×70 · Skirmisher ×36 · Longboat ×31 · Fishing Ship ×19 · Battering Ram ×6 · Mangonel ×6
Feudal
14:02
Castle
18:22
Imperial
41:50
| APM avg | 29.2 |
| APM peak | 100 |
| eAPM avg | 21.9 |
| Villagers / military | 223 / 118 |
Focus
⚔️ 42.5% · 🌾 57.5%
Unknown (2550) ×291 · Unknown (2579) ×127 · Unknown (2582) ×92 · Spearman ×85 · Trebuchet (Packed) ×19 · Fishing Ship ×8
Feudal
13:29
Castle
19:32
Imperial
40:12
| APM avg | 26.3 |
| APM peak | 67 |
| eAPM avg | 15.2 |
| Villagers / military | 197 / 538 |
Focus
⚔️ 34.5% · 🌾 65.5%
Cavalry Archer ×188 · Knight ×179 · Scout Cavalry ×144 · Spearman ×16 · Fishing Ship ×12 · Battering Ram ×10
Feudal
13:45
Castle
18:55
Imperial
34:11
| APM avg | 30.2 |
| APM peak | 75 |
| eAPM avg | 17.9 |
| Villagers / military | 265 / 461 |
Focus
⚔️ 41.3% · 🌾 58.7%
Scout Cavalry ×173 · Janissary ×166 · Scorpion ×73 · Bombard Cannon ×33 · Mangonel ×12 · Fishing Ship ×10
Feudal
14:39
Castle
18:11
Imperial
—
| APM avg | 22.5 |
| APM peak | 74 |
| eAPM avg | 13.3 |
| Villagers / military | 161 / 65 |
Focus
⚔️ 20.6% · 🌾 79.4%
Fire Galley ×48 · Fishing Ship ×19 · Knight ×9 · Demolition Raft ×8 · Unknown (2626) ×5
Match map
Initial resources + every placement click. Lines = walls · curves = elevation contours. ◆ gold · ⬟ stone · ● berries · ✦ relic · ◌ wall gap
Your base· Open — 9t gap
DarkIce4999's base· Open — unwalled flank
xXTOUROXx's base· Open — 8t gap
TheBrian's base· Open — unwalled flank
Mortis's base· Open — unwalled flank
KRYPTAERNN's base· Open — 8t gap
wirsing's base· Open — unwalled flank
1's base· Open — 3t gap
Smoothed initial terrain · ◌ = detected wall gap · hover for details
Inputs per minute
— Sabat - - DarkIce4999
Build order — Sabat
First 150 of 639 actions detected
| 0:17 | Build | Town Center |
| 1:24 | Build | House |
| 1:29 | Build | Dock |
| 2:38 | Create | Villager (Male) |
| 2:38 | Create | Villager (Male) |
| 2:38 | Create | Villager (Male) |
| 2:38 | Create | Villager (Male) |
| 3:37 | Create | Fishing Ship |
| 3:37 | Create | Fishing Ship |
| 4:22 | Research | Loom |
| 4:32 | Build | House |
| 4:39 | Create | Villager (Male) |
| 4:49 | Create | Fishing Ship |
| 4:49 | Create | Fishing Ship |
| 5:17 | Create | Villager (Male) |
| 5:45 | Create | Fishing Ship |
| 5:45 | Create | Fishing Ship |
| 5:47 | Create | Villager (Male) |
| 6:09 | Create | Villager (Male) |
| 6:17 | Build | House |
| 6:45 | Create | Fishing Ship |
| 6:46 | Create | Fishing Ship |
| 6:52 | Create | Villager (Male) |
| 6:52 | Create | Villager (Male) |
| 7:17 | Create | Fishing Ship |
| 7:19 | Create | Villager (Male) |
| 7:19 | Create | Villager (Male) |
| 7:37 | Create | Villager (Male) |
| 7:45 | Build | House |
| 7:53 | Create | Villager (Male) |
| 7:53 | Create | Villager (Male) |
| 7:57 | Create | Fishing Ship |
| 7:58 | Create | Fishing Ship |
| 8:22 | Build | House |
| 8:24 | Create | Villager (Male) |
| 8:30 | Create | Villager (Male) |
| 9:04 | Create | Fishing Ship |
| 9:12 | Create | Villager (Male) |
| 9:34 | Build | House |
| 9:38 | Build | House |
| 9:40 | Create | Villager (Male) |
| 9:42 | Create | Fishing Ship |
| 10:06 | Create | Fishing Ship |
| 10:06 | Create | Fishing Ship |
| 10:12 | Build | Palisade Wall |
| 10:17 | Create | Villager (Male) |
| 10:43 | Build | House |
| 10:51 | Create | Villager (Male) |
| 11:05 | Create | Villager (Male) |
| 11:13 | Build | Palisade Wall |
| 11:45 | Build | Settlement |
| 11:48 | Create | Villager (Male) |
| 11:55 | Build | Palisade Wall |
| 12:04 | Create | Fishing Ship |
| 12:05 | Create | Villager (Male) |
| 12:17 | Research | Feudal Age |
| 12:24 | Build | House |
| 12:57 | Build | Settlement |
| 14:04 | Build | Palisade Wall |
| 14:11 | Create | Villager (Male) |
| 14:17 | Build | House |
| 14:28 | Age | Feudal Age |
| 14:34 | Build | Blacksmith |
| 14:37 | Create | Villager (Male) |
| 14:54 | Create | Villager (Male) |
| 15:15 | Build | Market |
| 15:22 | Create | Villager (Male) |
| 16:18 | Build | Settlement |
| 16:19 | Research | Castle Age |
| 16:47 | Build | House |
| 16:50 | Build | Palisade Wall |
| 17:26 | Build | Dock |
| 17:57 | Create | Villager (Male) |
| 18:37 | Research | Scale Mail Armor |
| 18:38 | Research | Forging |
| 18:57 | Research | Horse Collar |
| 18:59 | Research | Double-Bit Axe |
| 18:59 | Age | Castle Age |
| 19:06 | Research | Double-Bit Axe |
| 19:12 | Build | Castle |
| 19:19 | Research | Heavy Plow |
| 19:21 | Create | Villager (Male) |
| 19:28 | Research | Tech 906 |
| 19:30 | Create | Villager (Male) |
| 19:44 | Create | Villager (Male) |
| 19:59 | Build | Town Center |
| 20:00 | Create | Villager (Male) |
| 20:31 | Research | Iron Casting |
| 20:51 | Create | Kona |
| 20:52 | Create | Kona |
| 21:04 | Build | House |
| 21:07 | Build | House |
| 21:08 | Create | Villager (Male) |
| 21:09 | Create | Villager (Male) |
| 21:11 | Build | Farm |
| 21:12 | Build | Farm |
| 21:20 | Create | Villager (Male) |
| 21:24 | Create | Kona |
| 21:28 | Create | Villager (Male) |
| 21:36 | Build | Farm |
| 21:38 | Build | Farm |
| 21:45 | Build | House |
| 21:48 | Build | House |
| 21:57 | Create | Kona |
| 22:01 | Create | Villager (Male) |
| 22:07 | Build | Farm |
| 22:08 | Build | Farm |
| 22:11 | Create | Villager (Male) |
| 22:13 | Create | Villager (Male) |
| 22:14 | Create | Villager (Male) |
| 22:33 | Create | Kona |
| 22:33 | Create | Kona |
| 22:48 | Create | Villager (Male) |
| 22:52 | Build | Farm |
| 22:53 | Build | Farm |
| 23:13 | Create | Villager (Male) |
| 23:13 | Create | Villager (Male) |
| 23:20 | Build | Town Center |
| 23:29 | Create | Kona |
| 23:29 | Create | Kona |
| 23:31 | Create | Villager (Male) |
| 23:34 | Build | Farm |
| 23:38 | Build | Farm |
| 23:40 | Build | Farm |
| 23:51 | Create | Kona |
| 23:52 | Create | Villager (Male) |
| 23:53 | Create | Villager (Male) |
| 24:03 | Build | Farm |
| 24:06 | Create | Villager (Male) |
| 24:20 | Create | Villager (Male) |
| 24:21 | Create | Villager (Male) |
| 24:34 | Create | Villager (Male) |
| 24:35 | Create | Villager (Male) |
| 24:36 | Create | Villager (Male) |
| 24:47 | Create | Villager (Male) |
| 24:47 | Create | Villager (Male) |
| 24:50 | Build | Farm |
| 24:51 | Build | Farm |
| 24:54 | Build | Farm |
| 24:57 | Build | Farm |
| 24:58 | Build | Farm |
| 25:10 | Create | Villager (Male) |
| 25:13 | Create | Kona |
| 25:14 | Create | Kona |
| 25:16 | Build | House |
| 25:16 | Build | House |
| 25:17 | Build | House |
| 25:32 | Create | Kona |
| 25:32 | Create | Kona |
| 25:37 | Create | Villager (Male) |
Build order — DarkIce4999
First 150 of 783 actions detected
| 1:23 | Build | Town Center |
| 3:21 | Create | Villager (Male) |
| 3:21 | Create | Villager (Male) |
| 3:24 | Build | House |
| 3:27 | Create | Villager (Male) |
| 3:28 | Create | Villager (Male) |
| 3:28 | Create | Villager (Male) |
| 4:29 | Create | Villager (Male) |
| 4:29 | Create | Villager (Male) |
| 4:51 | Research | Loom |
| 4:53 | Create | Villager (Male) |
| 5:07 | Build | House |
| 5:16 | Create | Villager (Male) |
| 5:36 | Create | Villager (Male) |
| 5:36 | Create | Villager (Male) |
| 6:00 | Create | Villager (Male) |
| 6:16 | Create | Villager (Male) |
| 6:16 | Create | Villager (Male) |
| 6:45 | Build | Dock |
| 6:51 | Create | Villager (Male) |
| 7:36 | Create | Villager (Male) |
| 8:00 | Create | Fishing Ship |
| 8:04 | Build | House |
| 8:15 | Create | Villager (Male) |
| 8:15 | Create | Villager (Male) |
| 8:16 | Create | Villager (Male) |
| 9:29 | Create | Villager (Male) |
| 9:33 | Create | Fishing Ship |
| 9:34 | Create | Fishing Ship |
| 9:41 | Build | House |
| 9:43 | Create | Villager (Male) |
| 10:02 | Build | Mill |
| 10:03 | Create | Villager (Male) |
| 10:05 | Create | Villager (Male) |
| 10:06 | Create | Villager (Male) |
| 10:16 | Create | Villager (Male) |
| 10:21 | Create | Fishing Ship |
| 10:26 | Build | House |
| 10:41 | Create | Villager (Male) |
| 10:55 | Create | Fishing Ship |
| 11:18 | Create | Villager (Male) |
| 11:40 | Create | Fishing Ship |
| 12:19 | Research | Feudal Age |
| 12:19 | Research | Feudal Age |
| 12:33 | Build | Mining Camp |
| 13:05 | Build | Barracks |
| 13:10 | Build | House |
| 14:26 | Create | Villager (Male) |
| 14:36 | Build | Stable |
| 14:37 | Create | Villager (Male) |
| 14:40 | Create | Villager (Male) |
| 15:19 | Build | Blacksmith |
| 15:29 | Build | Palisade Wall |
| 15:53 | Create | Fishing Ship |
| 16:04 | Build | Palisade Wall |
| 16:08 | Build | Palisade Wall |
| 16:12 | Research | Castle Age |
| 16:12 | Research | Castle Age |
| 16:23 | Build | Lumber Camp |
| 16:36 | Build | House |
| 17:04 | Research | Double-Bit Axe |
| 17:04 | Research | Double-Bit Axe |
| 17:38 | Research | Horse Collar |
| 17:38 | Research | Horse Collar |
| 19:02 | Build | Dock |
| 19:04 | Create | Villager (Male) |
| 19:20 | Build | Town Center |
| 19:22 | Create | Knight |
| 19:22 | Create | Knight |
| 19:23 | Create | Knight |
| 19:25 | Create | Villager (Male) |
| 19:30 | Build | Farm |
| 19:31 | Build | Farm |
| 19:37 | Create | Fishing Ship |
| 19:38 | Create | Fishing Ship |
| 19:40 | Build | House |
| 19:52 | Create | Fishing Ship |
| 19:54 | Create | Villager (Male) |
| 19:56 | Build | Farm |
| 20:13 | Build | Farm |
| 20:18 | Build | Farm |
| 20:26 | Build | House |
| 20:58 | Create | Villager (Male) |
| 21:00 | Build | Farm |
| 21:02 | Create | Villager (Male) |
| 21:06 | Build | Farm |
| 21:09 | Create | Villager (Male) |
| 21:09 | Create | Villager (Male) |
| 21:27 | Create | Villager (Male) |
| 21:39 | Build | Mining Camp |
| 21:47 | Create | Fishing Ship |
| 22:24 | Build | Palisade Wall |
| 22:31 | Create | Villager (Male) |
| 22:45 | Research | Wheelbarrow |
| 22:48 | Create | Villager (Male) |
| 22:50 | Research | Stone Mining |
| 22:50 | Research | Stone Mining |
| 23:04 | Create | Villager (Male) |
| 23:06 | Build | Farm |
| 23:08 | Build | Farm |
| 23:12 | Create | Villager (Male) |
| 23:14 | Create | Villager (Male) |
| 23:16 | Build | Farm |
| 23:45 | Create | Villager (Male) |
| 23:50 | Build | House |
| 23:52 | Build | House |
| 23:55 | Research | Gold Mining |
| 23:55 | Research | Gold Mining |
| 23:57 | Create | Villager (Male) |
| 23:58 | Create | Villager (Male) |
| 23:58 | Create | Villager (Male) |
| 24:03 | Create | Knight |
| 24:19 | Create | Villager (Male) |
| 24:32 | Build | House |
| 24:35 | Build | House |
| 24:59 | Create | Villager (Male) |
| 25:00 | Create | Villager (Male) |
| 25:09 | Create | Villager (Male) |
| 25:09 | Create | Villager (Male) |
| 25:16 | Create | Knight |
| 25:23 | Create | Knight |
| 25:35 | Build | Monastery |
| 26:04 | Create | Villager (Male) |
| 26:06 | Create | Villager (Male) |
| 26:22 | Create | Monk |
| 26:22 | Create | Monk |
| 26:30 | Create | Villager (Male) |
| 26:39 | Build | Dock |
| 26:42 | Create | Villager (Male) |
| 26:44 | Build | Farm |
| 26:45 | Build | Farm |
| 26:48 | Create | Villager (Male) |
| 26:49 | Create | Villager (Male) |
| 27:08 | Build | Castle |
| 27:10 | Create | Villager (Male) |
| 27:15 | Research | Bloodlines |
| 27:16 | Create | Villager (Male) |
| 27:20 | Build | Farm |
| 27:23 | Build | Farm |
| 27:24 | Build | Farm |
| 27:31 | Build | Farm |
| 27:32 | Build | Farm |
| 27:57 | Build | Town Center |
| 27:59 | Create | Villager (Male) |
| 28:01 | Create | Villager (Male) |
| 28:03 | Create | Villager (Male) |
| 28:23 | Create | Conquistador |
| 28:24 | Create | Conquistador |
| 28:24 | Create | Conquistador |
| 28:30 | Build | Siege Workshop |
Build order — xXTOUROXx
First 150 of 402 actions detected
| 2:37 | Build | Town Center |
| 4:42 | Build | Dock |
| 4:53 | Research | Loom |
| 4:54 | Create | Villager (Male) ×4 |
| 4:54 | Create | Villager (Male) ×4 |
| 5:39 | Build | House |
| 5:40 | Build | House |
| 6:44 | Create | Villager (Male) |
| 6:45 | Create | Villager (Male) |
| 7:13 | Create | Villager (Male) |
| 7:14 | Create | Villager (Male) |
| 7:42 | Create | Villager (Male) |
| 7:56 | Create | Fishing Ship |
| 7:57 | Create | Fishing Ship |
| 8:30 | Build | Palisade Wall |
| 8:37 | Build | Palisade Wall |
| 8:38 | Build | Palisade Wall |
| 9:06 | Create | Villager (Male) ×2 |
| 9:06 | Create | Villager (Male) ×2 |
| 9:09 | Create | Fishing Ship |
| 9:34 | Create | Villager (Male) |
| 9:34 | Create | Villager (Male) |
| 9:53 | Create | Fishing Ship |
| 10:09 | Build | House |
| 10:10 | Build | House |
| 10:40 | Create | Villager (Male) |
| 10:41 | Create | Villager (Male) |
| 11:17 | Create | Villager (Male) ×2 |
| 11:17 | Create | Villager (Male) ×2 |
| 11:46 | Create | Fishing Ship |
| 11:50 | Create | Villager (Male) |
| 11:50 | Create | Villager (Male) |
| 12:56 | Build | House |
| 12:57 | Build | House |
| 12:58 | Build | House |
| 13:19 | Create | Villager (Male) ×5 |
| 13:19 | Create | Villager (Male) ×5 |
| 13:19 | Create | Villager (Male) ×4 |
| 14:02 | Build | Palisade Wall |
| 14:29 | Build | Mill |
| 15:04 | Create | Villager (Male) |
| 15:05 | Create | Villager (Male) |
| 15:27 | Research | Feudal Age |
| 16:26 | Build | House |
| 16:44 | Build | Barracks |
| 17:56 | Build | Mining Camp |
| 18:04 | Age | Feudal Age |
| 18:11 | Create | Villager (Male) |
| 18:25 | Build | Market |
| 18:45 | Build | Stone Wall |
| 18:50 | Build | Gate |
| 19:19 | Create | Villager (Male) |
| 19:20 | Create | Villager (Male) |
| 19:20 | Create | Villager (Male) |
| 19:34 | Build | Blacksmith |
| 20:03 | Research | Stone Mining |
| 20:31 | Build | Stone Wall |
| 20:36 | Research | Castle Age |
| 21:09 | Build | Stone Wall |
| 21:11 | Build | Stone Wall |
| 21:25 | Build | Lumber Camp |
| 21:58 | Build | Stone Wall |
| 22:16 | Build | Outpost |
| 22:19 | Research | Town Watch |
| 22:27 | Create | Fire Galley |
| 22:28 | Create | Fire Galley |
| 23:09 | Create | Spearman |
| 23:09 | Create | Spearman |
| 23:16 | Age | Castle Age |
| 23:31 | Create | Villager (Male) |
| 23:31 | Create | Villager (Male) |
| 23:32 | Create | Villager (Male) |
| 23:35 | Research | Double-Bit Axe |
| 24:09 | Research | Pikeman (upgrade) |
| 24:28 | Build | Town Center |
| 25:22 | Create | Villager (Male) |
| 25:22 | Create | Villager (Male) |
| 25:22 | Create | Villager (Male) |
| 25:28 | Research | Bow Saw |
| 25:43 | Create | Fire Galley |
| 25:49 | Research | Gold Mining |
| 26:11 | Build | Castle |
| 26:19 | Create | Villager (Male) ×4 |
| 26:19 | Create | Villager (Male) ×4 |
| 26:39 | Create | Demolition Raft |
| 27:09 | Research | Scale Mail Armor |
| 27:28 | Create | Samurai |
| 27:29 | Create | Samurai |
| 27:29 | Create | Samurai |
| 28:45 | Build | University |
| 29:11 | Create | Fire Galley |
| 29:17 | Create | Samurai |
| 29:18 | Create | Samurai |
| 29:18 | Create | Samurai |
| 29:18 | Create | Samurai |
| 29:18 | Create | Samurai |
| 30:49 | Create | Villager (Male) |
| 30:57 | Create | Fishing Ship |
| 30:58 | Create | Fishing Ship |
| 30:58 | Create | Fishing Ship |
| 31:36 | Research | Squires |
| 31:44 | Create | Villager (Male) |
| 31:44 | Create | Villager (Male) |
| 31:54 | Build | Dock |
| 32:03 | Create | Villager (Male) ×4 |
| 32:48 | Build | Farm |
| 32:49 | Build | Farm |
| 32:50 | Build | Farm |
| 32:51 | Build | Farm |
| 32:52 | Build | Farm |
| 32:53 | Build | Farm |
| 32:57 | Build | Farm |
| 32:58 | Build | Farm |
| 33:00 | Build | Farm |
| 33:08 | Create | Villager (Male) ×3 |
| 33:08 | Create | Villager (Male) ×3 |
| 33:18 | Create | Fishing Ship |
| 33:18 | Create | Fishing Ship |
| 33:32 | Build | Farm |
| 34:14 | Build | Farm |
| 34:16 | Build | Farm |
| 34:18 | Build | Farm |
| 34:19 | Build | Farm |
| 34:21 | Build | Farm |
| 34:51 | Build | Mill |
| 35:02 | Research | War Galley (upgrade) |
| 35:11 | Create | Villager (Male) ×5 |
| 35:15 | Research | Wheelbarrow |
| 35:26 | Build | Barracks |
| 35:27 | Build | Barracks |
| 35:28 | Build | Barracks |
| 35:29 | Build | Barracks |
| 35:31 | Build | Barracks |
| 35:37 | Research | Chain Mail Armor |
| 35:55 | Create | Villager (Male) ×3 |
| 36:04 | Build | Farm |
| 36:37 | Create | Villager (Male) ×5 |
| 36:37 | Create | Villager (Male) ×5 |
| 36:37 | Create | Villager (Male) ×2 |
| 36:49 | Build | Farm |
| 36:51 | Build | Farm |
| 36:52 | Build | Farm |
| 36:53 | Build | Farm |
| 36:56 | Build | Farm |
| 37:00 | Build | Mill |
| 37:39 | Build | Farm |
| 37:40 | Build | Farm |
| 37:47 | Build | Farm |
| 37:52 | Create | Villager (Male) ×5 |
| 37:53 | Create | Villager (Male) ×5 |
Build order — TheBrian
First 150 of 496 actions detected
| 0:35 | Build | Town Center |
| 1:08 | Build | Dock |
| 1:11 | Build | House |
| 2:56 | Create | Villager (Male) |
| 2:56 | Create | Villager (Male) |
| 2:57 | Create | Villager (Male) |
| 2:57 | Create | Villager (Male) |
| 2:57 | Create | Villager (Male) |
| 3:19 | Research | Loom |
| 3:42 | Create | Villager (Male) |
| 3:42 | Create | Villager (Male) |
| 3:42 | Create | Villager (Male) |
| 3:55 | Create | Fishing Ship |
| 4:16 | Create | Villager (Male) |
| 4:16 | Create | Villager (Male) |
| 5:00 | Build | House |
| 5:01 | Build | House |
| 5:18 | Create | Villager (Male) |
| 5:18 | Create | Villager (Male) |
| 5:52 | Create | Villager (Male) |
| 5:52 | Create | Villager (Male) |
| 6:01 | Build | House |
| 6:06 | Build | Palisade Wall |
| 6:12 | Create | Villager (Male) |
| 6:12 | Create | Villager (Male) |
| 6:29 | Create | Villager (Male) |
| 6:29 | Create | Villager (Male) |
| 6:51 | Build | Mill |
| 7:12 | Create | Villager (Male) |
| 7:12 | Create | Villager (Male) |
| 7:12 | Create | Villager (Male) |
| 7:20 | Create | Fishing Ship |
| 7:20 | Create | Fishing Ship |
| 7:57 | Create | Fishing Ship |
| 7:57 | Create | Fishing Ship |
| 8:04 | Create | Villager (Male) |
| 8:04 | Create | Villager (Male) |
| 8:04 | Create | Villager (Male) |
| 8:31 | Create | Fishing Ship |
| 8:32 | Create | Fishing Ship |
| 8:47 | Create | Villager (Male) |
| 8:58 | Create | Fishing Ship |
| 8:59 | Create | Fishing Ship |
| 9:10 | Build | House |
| 9:14 | Create | Villager (Male) |
| 9:28 | Build | House |
| 9:32 | Create | Villager (Male) |
| 9:32 | Create | Villager (Male) |
| 9:39 | Create | Fishing Ship |
| 9:39 | Create | Fishing Ship |
| 10:06 | Create | Villager (Male) |
| 10:06 | Create | Villager (Male) |
| 10:06 | Create | Villager (Male) |
| 10:07 | Create | Villager (Male) |
| 10:17 | Create | Fishing Ship |
| 11:54 | Research | Feudal Age |
| 14:03 | Create | Villager (Male) |
| 14:03 | Create | Villager (Male) |
| 14:04 | Age | Feudal Age |
| 14:12 | Build | Market |
| 14:20 | Build | Blacksmith |
| 14:57 | Build | House |
| 15:04 | Create | Villager (Male) |
| 15:28 | Research | Castle Age |
| 15:28 | Research | Castle Age |
| 15:42 | Build | Dock |
| 16:12 | Build | House |
| 16:14 | Build | House |
| 16:25 | Build | Palisade Wall |
| 16:34 | Research | Fletching |
| 16:35 | Research | Padded Archer Armor |
| 16:35 | Research | Padded Archer Armor |
| 17:16 | Create | Fishing Ship |
| 17:32 | Build | Outpost |
| 17:52 | Create | Villager (Male) |
| 17:52 | Create | Villager (Male) |
| 18:09 | Age | Castle Age |
| 18:11 | Build | Town Center |
| 18:19 | Create | Longboat |
| 18:19 | Create | Longboat |
| 18:19 | Create | Longboat |
| 18:19 | Create | Longboat |
| 18:19 | Create | Longboat |
| 18:37 | Create | Villager (Male) |
| 18:38 | Create | Villager (Male) |
| 18:38 | Create | Villager (Male) |
| 18:40 | Research | Bodkin Arrow |
| 18:41 | Research | Bodkin Arrow |
| 18:41 | Research | Leather Archer Armor |
| 18:41 | Research | Leather Archer Armor |
| 19:08 | Create | Longboat |
| 19:26 | Create | Longboat |
| 19:26 | Create | Longboat |
| 19:28 | Create | Villager (Male) |
| 19:28 | Create | Villager (Male) |
| 19:46 | Create | Villager (Male) |
| 19:46 | Create | Villager (Male) |
| 19:46 | Create | Villager (Male) |
| 20:35 | Create | Longboat |
| 20:35 | Create | Longboat |
| 20:35 | Create | Longboat |
| 20:36 | Create | Longboat |
| 20:36 | Create | Longboat |
| 20:38 | Create | Villager (Male) |
| 20:38 | Create | Villager (Male) |
| 20:39 | Create | Villager (Male) |
| 20:39 | Create | Villager (Male) |
| 21:14 | Build | House |
| 21:15 | Build | House |
| 21:18 | Research | Town Watch |
| 21:19 | Research | Town Watch |
| 21:46 | Create | Villager (Male) |
| 21:46 | Create | Villager (Male) |
| 21:46 | Create | Villager (Male) |
| 21:55 | Build | House |
| 22:02 | Build | Stone Wall |
| 22:08 | Build | House |
| 22:23 | Create | Longboat |
| 22:24 | Create | Longboat |
| 22:24 | Create | Longboat |
| 22:24 | Create | Longboat |
| 22:24 | Create | Longboat |
| 22:26 | Create | Villager (Male) |
| 22:27 | Create | Villager (Male) |
| 22:27 | Create | Villager (Male) |
| 22:41 | Build | Castle |
| 23:51 | Create | Villager (Male) |
| 23:52 | Create | Villager (Male) |
| 23:52 | Create | Villager (Male) |
| 23:56 | Create | Villager (Male) |
| 23:56 | Create | Villager (Male) |
| 23:56 | Create | Villager (Male) |
| 24:04 | Build | House |
| 24:15 | Create | Longboat |
| 24:16 | Create | Longboat |
| 25:28 | Create | Longboat |
| 25:28 | Create | Longboat |
| 25:28 | Create | Longboat |
| 25:29 | Create | Villager (Male) |
| 25:29 | Create | Villager (Male) |
| 25:29 | Create | Villager (Male) |
| 25:46 | Build | Lumber Camp |
| 25:54 | Create | Longboat |
| 25:54 | Create | Longboat |
| 25:55 | Create | Longboat |
| 25:55 | Create | Longboat |
| 25:55 | Create | Longboat |
| 26:02 | Build | House |
| 26:15 | Build | Siege Workshop |
| 27:04 | Create | Longboat |
Build order — Mortis
First 150 of 706 actions detected
| 0:25 | Build | Town Center |
| 2:24 | Create | Villager (Male) |
| 2:25 | Create | Villager (Male) |
| 2:25 | Create | Villager (Male) |
| 2:30 | Create | Villager (Male) |
| 2:30 | Create | Villager (Male) |
| 2:53 | Build | House |
| 2:58 | Build | House |
| 3:12 | Build | Dock |
| 3:15 | Build | House |
| 4:01 | Create | Villager (Male) |
| 4:01 | Create | Villager (Male) |
| 4:01 | Create | Villager (Male) |
| 4:42 | Create | Villager (Male) |
| 5:15 | Create | Villager (Male) |
| 5:16 | Create | Villager (Male) |
| 5:16 | Create | Villager (Male) |
| 5:34 | Create | Villager (Male) |
| 5:34 | Create | Villager (Male) |
| 6:22 | Create | Fishing Ship |
| 6:22 | Create | Fishing Ship |
| 6:45 | Create | Villager (Male) |
| 6:45 | Create | Villager (Male) |
| 6:54 | Research | Loom |
| 7:10 | Create | Villager (Male) |
| 7:11 | Create | Villager (Male) |
| 7:11 | Create | Villager (Male) |
| 7:11 | Create | Villager (Male) |
| 7:19 | Create | Villager (Male) |
| 7:29 | Create | Fishing Ship |
| 7:29 | Create | Fishing Ship |
| 7:41 | Create | Villager (Male) |
| 7:41 | Create | Villager (Male) |
| 7:41 | Create | Villager (Male) |
| 8:24 | Create | Fishing Ship |
| 8:24 | Create | Fishing Ship |
| 8:25 | Create | Fishing Ship |
| 8:26 | Create | Villager (Male) |
| 8:27 | Create | Villager (Male) |
| 8:29 | Research | Loom |
| 8:30 | Create | Villager (Male) |
| 8:31 | Create | Villager (Male) |
| 8:34 | Create | Villager (Male) |
| 8:38 | Build | House |
| 8:41 | Create | Villager (Male) |
| 8:44 | Build | House |
| 9:25 | Build | Settlement |
| 9:55 | Create | Villager (Male) |
| 10:38 | Create | Villager (Male) |
| 10:44 | Create | Villager (Male) |
| 11:05 | Create | Villager (Male) |
| 11:40 | Research | Feudal Age |
| 12:10 | Build | Settlement |
| 12:19 | Create | Villager (Male) |
| 12:19 | Create | Villager (Male) |
| 13:44 | Build | Settlement |
| 14:02 | Age | Feudal Age |
| 14:11 | Research | Double-Bit Axe |
| 14:22 | Create | Villager (Male) |
| 14:26 | Build | Market |
| 14:31 | Build | Blacksmith |
| 15:06 | Create | Villager (Male) |
| 15:29 | Research | Castle Age |
| 16:23 | Build | Outpost |
| 16:26 | Build | Outpost |
| 16:28 | Build | Outpost |
| 17:53 | Create | Villager (Male) |
| 17:59 | Create | Villager (Male) |
| 18:00 | Research | Fletching |
| 18:02 | Create | Villager (Male) |
| 18:10 | Create | Villager (Male) |
| 18:22 | Age | Castle Age |
| 18:24 | Create | Villager (Male) |
| 18:37 | Research | Town Watch |
| 18:53 | Create | Villager (Male) |
| 18:58 | Build | Outpost |
| 18:59 | Build | Outpost |
| 19:01 | Build | Outpost |
| 19:03 | Build | Outpost |
| 19:04 | Build | Outpost |
| 19:06 | Build | Outpost |
| 19:08 | Build | Outpost |
| 19:09 | Build | Outpost |
| 19:09 | Build | Outpost |
| 19:11 | Build | Outpost |
| 19:13 | Build | Outpost |
| 19:15 | Build | Outpost |
| 19:19 | Create | Villager (Male) |
| 19:19 | Create | Villager (Male) |
| 19:27 | Build | Outpost |
| 19:35 | Create | Villager (Male) |
| 19:36 | Create | Villager (Male) |
| 19:42 | Create | Villager (Male) |
| 19:46 | Build | Outpost |
| 19:50 | Build | Outpost |
| 19:54 | Create | Villager (Male) |
| 19:57 | Create | Villager (Male) |
| 20:11 | Create | Villager (Male) |
| 20:15 | Research | Horse Collar |
| 20:17 | Research | Bow Saw |
| 20:18 | Create | Villager (Male) |
| 20:45 | Research | Bodkin Arrow |
| 20:46 | Create | Villager (Male) |
| 20:49 | Research | Town Patrol |
| 20:50 | Create | Villager (Male) |
| 20:53 | Create | Fishing Ship |
| 21:30 | Create | Villager (Male) |
| 21:33 | Create | Villager (Male) |
| 21:34 | Create | Villager (Male) |
| 21:46 | Build | Outpost |
| 22:18 | Build | Castle |
| 22:40 | Create | Villager (Male) |
| 22:47 | Create | Villager (Male) |
| 22:54 | Build | Farm |
| 22:55 | Build | Farm |
| 22:55 | Build | Farm |
| 22:55 | Build | Farm |
| 22:55 | Build | Farm |
| 22:56 | Build | Farm |
| 22:56 | Build | Farm |
| 22:56 | Build | Farm |
| 22:57 | Create | Villager (Male) |
| 23:20 | Build | Siege Workshop |
| 23:25 | Build | Settlement |
| 23:28 | Create | Villager (Male) |
| 23:35 | Create | Villager (Male) |
| 24:00 | Create | Battering Ram |
| 24:00 | Create | Battering Ram |
| 24:05 | Create | Villager (Male) |
| 24:15 | Create | Villager (Male) |
| 24:25 | Build | Town Center |
| 24:45 | Create | Battering Ram |
| 24:45 | Create | Battering Ram |
| 24:49 | Create | Villager (Male) |
| 24:49 | Create | Villager (Male) |
| 25:03 | Create | Villager (Male) |
| 25:18 | Create | Villager (Male) |
| 25:39 | Create | Battering Ram |
| 25:40 | Create | Battering Ram |
| 25:42 | Create | Villager (Male) |
| 25:42 | Create | Villager (Male) |
| 25:50 | Create | Villager (Male) |
| 25:51 | Create | Villager (Male) |
| 26:13 | Create | Petard |
| 26:13 | Create | Petard |
| 26:30 | Create | Villager (Male) |
| 26:34 | Create | Battering Ram |
| 26:34 | Create | Battering Ram |
| 27:16 | Create | Unit 2579 |
| 27:16 | Create | Unit 2579 |
Build order — KRYPTAERNN
First 150 of 699 actions detected
| 0:09 | Build | Town Center |
| 1:30 | Build | Dock |
| 1:33 | Build | House |
| 1:34 | Build | House |
| 2:33 | Create | Villager (Male) |
| 2:33 | Create | Villager (Male) |
| 2:54 | Create | Villager (Male) |
| 2:54 | Create | Villager (Male) |
| 3:52 | Research | Loom |
| 3:52 | Research | Loom |
| 3:57 | Create | Fishing Ship |
| 3:57 | Create | Fishing Ship |
| 4:49 | Create | Fishing Ship |
| 4:49 | Create | Fishing Ship |
| 4:56 | Create | Villager (Male) |
| 4:56 | Create | Villager (Male) |
| 5:33 | Create | Villager (Male) |
| 5:33 | Create | Villager (Male) |
| 6:08 | Create | Villager (Male) |
| 6:08 | Create | Villager (Male) |
| 6:38 | Build | House |
| 6:47 | Create | Fishing Ship |
| 6:47 | Create | Fishing Ship |
| 7:06 | Create | Villager (Male) |
| 7:11 | Build | House |
| 7:23 | Create | Villager (Male) |
| 7:30 | Create | Villager (Male) |
| 7:51 | Create | Villager (Male) |
| 8:04 | Create | Fishing Ship |
| 8:05 | Create | Villager (Male) |
| 8:41 | Create | Villager (Male) |
| 8:56 | Create | Fishing Ship |
| 8:56 | Create | Fishing Ship |
| 9:09 | Build | House |
| 9:10 | Build | House |
| 9:22 | Create | Villager (Male) |
| 9:51 | Build | House |
| 10:21 | Build | Mill |
| 10:26 | Create | Villager (Male) |
| 10:38 | Create | Fishing Ship |
| 10:55 | Create | Villager (Male) |
| 10:55 | Create | Villager (Male) |
| 11:09 | Build | Mining Camp |
| 11:18 | Research | Feudal Age |
| 11:18 | Research | Feudal Age |
| 12:14 | Build | Barracks |
| 12:30 | Create | Fishing Ship |
| 13:19 | Create | Villager (Male) |
| 13:20 | Create | Villager (Male) |
| 13:29 | Age | Feudal Age |
| 13:35 | Create | Unit 2626 |
| 13:42 | Build | Stable |
| 13:50 | Build | Palisade Wall |
| 13:53 | Build | Palisade Gate |
| 14:07 | Build | Blacksmith |
| 14:12 | Build | Palisade Wall |
| 14:12 | Build | Palisade Wall |
| 14:13 | Build | Palisade Wall |
| 14:13 | Build | Palisade Wall |
| 14:17 | Build | Palisade Gate |
| 14:26 | Create | Villager (Male) |
| 14:26 | Create | Villager (Male) |
| 14:53 | Build | Lumber Camp |
| 15:01 | Create | Villager (Male) |
| 15:11 | Build | House |
| 15:12 | Build | House |
| 15:44 | Create | Villager (Male) |
| 15:50 | Build | House |
| 15:51 | Build | House |
| 16:12 | Create | Villager (Male) |
| 16:22 | Create | Fishing Ship |
| 16:52 | Research | Castle Age |
| 16:52 | Research | Castle Age |
| 17:04 | Build | House |
| 17:04 | Build | House |
| 17:21 | Create | Unit 2626 |
| 17:30 | Research | Double-Bit Axe |
| 17:30 | Research | Double-Bit Axe |
| 17:30 | Research | Double-Bit Axe |
| 17:41 | Build | Stable |
| 17:50 | Build | House |
| 17:54 | Build | Palisade Wall |
| 17:56 | Build | Palisade Gate |
| 18:02 | Research | Gold Mining |
| 18:02 | Research | Gold Mining |
| 18:06 | Build | House |
| 18:07 | Build | House |
| 18:28 | Build | House |
| 18:36 | Research | Bloodlines |
| 18:36 | Research | Bloodlines |
| 18:53 | Research | Horse Collar |
| 18:53 | Research | Horse Collar |
| 19:26 | Build | House |
| 19:27 | Build | House |
| 19:32 | Age | Castle Age |
| 19:39 | Build | Farm |
| 19:40 | Build | Farm |
| 19:41 | Build | Farm |
| 19:43 | Build | Farm |
| 19:47 | Create | Knight |
| 19:47 | Create | Knight |
| 20:05 | Build | Town Center |
| 20:17 | Build | House |
| 20:25 | Create | Villager (Male) |
| 20:41 | Create | Villager (Male) |
| 21:05 | Create | Villager (Male) |
| 21:20 | Build | Farm |
| 21:22 | Build | Farm |
| 21:34 | Create | Villager (Male) |
| 22:20 | Create | Villager (Male) |
| 22:20 | Create | Villager (Male) |
| 22:20 | Create | Villager (Male) |
| 22:41 | Build | Mill |
| 22:50 | Create | Villager (Male) |
| 22:50 | Create | Villager (Male) |
| 22:51 | Create | Villager (Male) |
| 23:01 | Build | Farm |
| 23:02 | Build | Farm |
| 23:02 | Build | Farm |
| 23:03 | Build | Farm |
| 23:15 | Build | House |
| 23:16 | Build | House |
| 23:18 | Build | House |
| 23:20 | Create | Villager (Male) |
| 23:20 | Create | Villager (Male) |
| 23:20 | Create | Villager (Male) |
| 23:38 | Create | Unit 2626 |
| 23:45 | Create | Villager (Male) |
| 23:45 | Create | Villager (Male) |
| 24:05 | Create | Knight |
| 24:05 | Create | Knight |
| 24:12 | Build | Farm |
| 24:13 | Build | Farm |
| 24:13 | Build | Farm |
| 24:30 | Create | Villager (Male) |
| 24:31 | Create | Villager (Male) |
| 24:42 | Create | Unit 2626 |
| 24:45 | Create | Unit 2626 |
| 24:48 | Create | Villager (Male) |
| 24:48 | Create | Villager (Male) |
| 25:01 | Build | Farm |
| 25:02 | Build | Farm |
| 25:02 | Build | Farm |
| 25:11 | Create | Villager (Male) |
| 25:12 | Create | Villager (Male) |
| 25:29 | Research | Bow Saw |
| 25:42 | Create | Villager (Male) |
| 25:55 | Create | Knight |
| 26:06 | Build | Farm |
| 26:07 | Build | Farm |
Build order — wirsing
First 150 of 904 actions detected
| 1:08 | Build | Town Center |
| 1:54 | Build | House |
| 2:51 | Build | Dock |
| 3:10 | Create | Villager (Male) |
| 3:10 | Create | Villager (Male) |
| 3:11 | Create | Villager (Male) |
| 3:11 | Create | Villager (Male) |
| 3:11 | Create | Villager (Male) |
| 4:47 | Create | Villager (Male) |
| 4:47 | Create | Villager (Male) |
| 4:47 | Create | Villager (Male) |
| 4:48 | Create | Villager (Male) |
| 4:54 | Build | House |
| 5:41 | Create | Villager (Male) |
| 5:41 | Create | Villager (Male) |
| 5:41 | Create | Villager (Male) |
| 5:45 | Create | Villager (Male) |
| 5:45 | Create | Villager (Male) |
| 5:46 | Create | Villager (Male) |
| 6:13 | Create | Fishing Ship |
| 6:14 | Create | Fishing Ship |
| 6:25 | Create | Villager (Male) |
| 6:25 | Create | Villager (Male) |
| 6:38 | Build | House |
| 6:46 | Create | Villager (Male) |
| 6:47 | Create | Villager (Male) |
| 7:03 | Create | Villager (Male) |
| 7:32 | Create | Fishing Ship |
| 7:33 | Create | Fishing Ship |
| 7:33 | Create | Fishing Ship |
| 7:39 | Create | Villager (Male) |
| 7:39 | Create | Villager (Male) |
| 7:39 | Create | Villager (Male) |
| 8:13 | Create | Fishing Ship |
| 8:35 | Build | House |
| 8:40 | Create | Villager (Male) |
| 8:40 | Create | Villager (Male) |
| 8:41 | Create | Villager (Male) |
| 8:41 | Create | Villager (Male) |
| 8:41 | Create | Villager (Male) |
| 9:13 | Create | Fishing Ship |
| 9:13 | Create | Fishing Ship |
| 9:14 | Create | Villager (Male) |
| 9:14 | Create | Villager (Male) |
| 9:21 | Build | House |
| 9:50 | Create | Villager (Male) |
| 9:50 | Create | Villager (Male) |
| 9:58 | Create | Villager (Male) |
| 9:58 | Create | Villager (Male) |
| 10:05 | Create | Fishing Ship |
| 10:05 | Create | Fishing Ship |
| 10:31 | Create | Villager (Male) |
| 10:51 | Build | Lumber Camp |
| 11:30 | Build | Mill |
| 11:35 | Research | Feudal Age |
| 11:36 | Research | Loom |
| 12:00 | Build | Palisade Wall |
| 12:17 | Build | Palisade Wall |
| 12:27 | Build | Mining Camp |
| 12:31 | Create | Villager (Male) |
| 12:31 | Create | Villager (Male) |
| 13:42 | Build | Palisade Wall |
| 13:45 | Age | Feudal Age |
| 13:46 | Build | Palisade Wall |
| 13:58 | Build | Blacksmith |
| 14:25 | Create | Villager (Male) |
| 14:33 | Build | House |
| 15:05 | Create | Villager (Male) |
| 15:23 | Build | Market |
| 15:35 | Build | Palisade Wall |
| 15:37 | Build | Palisade Wall |
| 15:41 | Build | Palisade Wall |
| 15:43 | Build | Palisade Wall |
| 15:45 | Build | Palisade Wall |
| 15:50 | Create | Villager (Male) |
| 15:50 | Create | Villager (Male) |
| 16:02 | Research | Castle Age |
| 16:02 | Research | Castle Age |
| 16:03 | Research | Castle Age |
| 16:10 | Build | House |
| 16:12 | Build | House |
| 16:32 | Create | Villager (Male) |
| 16:53 | Build | Mining Camp |
| 17:51 | Research | Horse Collar |
| 17:53 | Research | Double-Bit Axe |
| 18:06 | Create | Villager (Male) |
| 18:41 | Research | Stone Mining |
| 18:48 | Research | Gold Mining |
| 18:48 | Research | Gold Mining |
| 18:55 | Age | Castle Age |
| 19:01 | Build | Palisade Gate |
| 19:35 | Create | Villager (Male) |
| 19:35 | Create | Villager (Male) |
| 20:18 | Build | Castle |
| 20:27 | Research | Heavy Plow |
| 20:34 | Build | Farm |
| 20:34 | Build | Farm |
| 20:34 | Build | Farm |
| 20:37 | Create | Villager (Male) |
| 20:55 | Create | Villager (Male) |
| 21:03 | Build | Farm |
| 21:03 | Build | Farm |
| 21:03 | Build | Farm |
| 21:08 | Create | Villager (Male) |
| 21:24 | Build | Mining Camp |
| 21:31 | Create | Villager (Male) |
| 21:41 | Build | Farm |
| 21:41 | Build | Farm |
| 21:42 | Build | Farm |
| 21:43 | Build | Farm |
| 21:43 | Build | Farm |
| 21:43 | Build | Farm |
| 21:43 | Build | Farm |
| 21:44 | Build | Farm |
| 21:44 | Build | Farm |
| 21:44 | Build | Farm |
| 21:44 | Build | Farm |
| 21:45 | Build | Farm |
| 22:08 | Create | Villager (Male) |
| 22:24 | Create | Janissary |
| 22:25 | Create | Janissary |
| 22:25 | Create | Janissary |
| 22:26 | Create | Villager (Male) |
| 22:33 | Build | Farm |
| 22:33 | Build | Farm |
| 22:33 | Build | Farm |
| 22:49 | Create | Janissary |
| 22:50 | Create | Villager (Male) |
| 22:50 | Create | Villager (Male) |
| 22:59 | Build | Farm |
| 23:00 | Build | Farm |
| 23:09 | Create | Janissary |
| 23:26 | Create | Villager (Male) |
| 23:28 | Create | Janissary |
| 23:54 | Build | Town Center |
| 23:58 | Create | Janissary |
| 24:00 | Create | Janissary |
| 24:02 | Create | Villager (Male) |
| 24:26 | Create | Janissary |
| 24:28 | Create | Villager (Male) |
| 24:36 | Create | Villager (Male) |
| 24:46 | Build | Farm |
| 24:46 | Build | Farm |
| 24:58 | Create | Janissary |
| 25:09 | Create | Janissary |
| 25:10 | Create | Villager (Male) |
| 25:32 | Create | Villager (Male) |
| 25:33 | Create | Janissary |
| 25:46 | Create | Janissary |
| 26:23 | Create | Janissary |
Build order — 1
First 150 of 430 actions detected
| 0:33 | Build | Town Center |
| 1:16 | Build | House |
| 1:22 | Build | Dock |
| 2:52 | Create | Villager (Male) |
| 2:52 | Create | Villager (Male) |
| 2:53 | Create | Villager (Male) |
| 2:53 | Create | Villager (Male) |
| 2:53 | Create | Villager (Male) |
| 2:53 | Create | Villager (Male) |
| 2:55 | Create | Fishing Ship |
| 4:18 | Build | House |
| 4:22 | Create | Villager (Male) |
| 4:23 | Create | Villager (Male) |
| 4:28 | Create | Fishing Ship |
| 5:26 | Create | Villager (Male) |
| 5:27 | Create | Villager (Male) |
| 5:27 | Create | Villager (Male) |
| 5:46 | Create | Villager (Male) |
| 5:46 | Create | Villager (Male) |
| 5:47 | Create | Fishing Ship |
| 5:55 | Build | House |
| 5:57 | Create | Villager (Male) |
| 5:57 | Create | Villager (Male) |
| 5:58 | Create | Villager (Male) |
| 6:38 | Create | Fishing Ship |
| 6:59 | Create | Villager (Male) |
| 7:00 | Create | Villager (Male) |
| 7:00 | Create | Villager (Male) |
| 7:13 | Create | Villager (Male) |
| 7:13 | Create | Villager (Male) |
| 7:30 | Create | Fishing Ship |
| 7:47 | Create | Villager (Male) |
| 7:48 | Create | Villager (Male) |
| 8:00 | Research | Loom |
| 8:04 | Build | House |
| 8:13 | Create | Villager (Male) |
| 8:13 | Create | Villager (Male) |
| 8:15 | Create | Fishing Ship |
| 8:58 | Build | House |
| 8:59 | Create | Villager (Male) |
| 9:07 | Create | Fishing Ship |
| 9:33 | Build | House |
| 9:34 | Create | Villager (Male) |
| 9:57 | Create | Villager (Male) |
| 10:13 | Build | Palisade Wall |
| 10:13 | Build | Palisade Wall |
| 10:14 | Build | Palisade Wall |
| 10:15 | Build | Palisade Wall |
| 10:25 | Create | Fishing Ship |
| 10:57 | Build | Dock |
| 11:00 | Create | Villager (Male) |
| 11:01 | Create | Villager (Male) |
| 11:16 | Build | Lumber Camp |
| 11:32 | Create | Fishing Ship |
| 11:42 | Create | Villager (Male) |
| 12:04 | Create | Villager (Male) |
| 12:14 | Create | Fishing Ship |
| 12:14 | Create | Fishing Ship |
| 12:17 | Create | Villager (Male) |
| 12:30 | Research | Feudal Age |
| 12:39 | Build | Mining Camp |
| 12:48 | Build | Mill |
| 13:12 | Create | Fishing Ship |
| 13:13 | Create | Fishing Ship |
| 13:20 | Build | House |
| 14:39 | Age | Feudal Age |
| 14:40 | Create | Villager (Male) |
| 14:40 | Create | Villager (Male) |
| 14:50 | Build | Market |
| 14:56 | Build | Blacksmith |
| 15:07 | Build | House |
| 15:18 | Create | Demolition Raft |
| 15:18 | Create | Demolition Raft |
| 15:24 | Create | Fishing Ship |
| 15:25 | Create | Fishing Ship |
| 15:34 | Research | Double-Bit Axe |
| 15:34 | Research | Double-Bit Axe |
| 15:46 | Research | Castle Age |
| 15:50 | Build | House |
| 15:56 | Build | Palisade Wall |
| 16:23 | Build | Dock |
| 16:30 | Build | Dock |
| 16:55 | Create | Unit 2626 |
| 16:56 | Create | Unit 2626 |
| 16:59 | Research | Forging |
| 16:59 | Research | Forging |
| 17:08 | Build | Palisade Wall |
| 17:22 | Create | Fire Galley |
| 17:23 | Create | Fire Galley |
| 17:28 | Build | House |
| 17:47 | Create | Unit 2626 |
| 17:47 | Create | Unit 2626 |
| 17:51 | Create | Villager (Male) |
| 18:11 | Age | Castle Age |
| 18:22 | Research | War Galley (upgrade) |
| 18:51 | Create | Villager (Male) |
| 18:51 | Create | Villager (Male) |
| 18:51 | Create | Villager (Male) |
| 18:52 | Create | Villager (Male) |
| 19:17 | Create | Fire Galley |
| 19:17 | Create | Fire Galley |
| 19:17 | Create | Fire Galley |
| 19:21 | Create | Villager (Male) |
| 19:22 | Create | Villager (Male) |
| 19:22 | Create | Villager (Male) |
| 19:34 | Build | Town Center |
| 20:02 | Build | House |
| 20:02 | Build | House |
| 20:19 | Create | Villager (Male) |
| 20:19 | Create | Villager (Male) |
| 20:20 | Create | Villager (Male) |
| 20:25 | Research | Bow Saw |
| 20:26 | Research | Bow Saw |
| 20:34 | Research | Stone Mining |
| 20:35 | Research | Stone Mining |
| 20:46 | Create | Unit 2626 |
| 21:25 | Create | Fire Galley |
| 21:27 | Create | Fire Galley |
| 21:35 | Build | Lumber Camp |
| 21:36 | Create | Villager (Male) |
| 21:37 | Create | Villager (Male) |
| 21:37 | Create | Villager (Male) |
| 21:57 | Create | Demolition Raft |
| 22:00 | Create | Demolition Raft |
| 22:07 | Create | Villager (Male) |
| 22:07 | Create | Villager (Male) |
| 22:07 | Create | Villager (Male) |
| 22:07 | Create | Villager (Male) |
| 22:08 | Create | Villager (Male) |
| 22:08 | Create | Villager (Male) |
| 22:08 | Create | Villager (Male) |
| 22:30 | Create | Villager (Male) |
| 22:30 | Create | Villager (Male) |
| 22:30 | Create | Villager (Male) |
| 22:38 | Create | Fire Galley |
| 22:41 | Create | Fire Galley |
| 22:43 | Create | Villager (Male) |
| 22:44 | Create | Villager (Male) |
| 22:44 | Create | Villager (Male) |
| 22:46 | Build | House |
| 23:10 | Build | House |
| 23:11 | Build | House |
| 23:22 | Create | Demolition Raft |
| 23:25 | Create | Fire Galley |
| 23:37 | Build | Dock |
| 23:38 | Create | Villager (Male) |
| 23:38 | Create | Villager (Male) |
| 23:46 | Create | Fire Galley |
| 23:50 | Create | Fire Galley |
| 23:55 | Create | Villager (Male) |
Match timeline
| 1:08 | TheBrian · first_building Dock |
| 1:22 | 1 · first_building Dock |
| 1:29 | Sabat · first_building Dock |
| 1:30 | KRYPTAERNN · first_building Dock |
| 2:51 | wirsing · first_building Dock |
| 3:12 | Mortis · first_building Dock |
| 4:42 | xXTOUROXx · first_building Dock |
| 6:06 | TheBrian · wall_segment Palisade Wall x2 |
| 6:45 | DarkIce4999 · first_building Dock |
| 8:30 | xXTOUROXx · wall_segment Palisade Wall x1 |
| 8:37 | xXTOUROXx · wall_segment Palisade Wall x1 |
| 8:38 | xXTOUROXx · wall_segment Palisade Wall x1 |
| 10:12 | Sabat · wall_segment Palisade Wall x4 |
| 10:13 | 1 · wall_segment Palisade Wall x1 |
| 10:13 | 1 · wall_segment Palisade Wall x1 |
| 10:14 | 1 · wall_segment Palisade Wall x1 |
| 10:15 | 1 · wall_segment Palisade Wall x1 |
| 11:13 | Sabat · wall_segment Palisade Wall x5 |
| 11:55 | Sabat · wall_segment Palisade Wall x4 |
| 12:00 | wirsing · wall_segment Palisade Wall x10 |
| 12:14 | KRYPTAERNN · first_building Barracks |
| 12:17 | wirsing · wall_segment Palisade Wall x1 |
| 13:05 | DarkIce4999 · first_building Barracks |
| 13:29 | KRYPTAERNN · age_up feudal |
| 13:42 | wirsing · wall_segment Palisade Wall x7 |
| 13:42 | KRYPTAERNN · first_building Stable |
| 13:45 | wirsing · age_up feudal |
| 13:46 | wirsing · wall_segment Palisade Wall x5 |
| 13:50 | KRYPTAERNN · wall_segment Palisade Wall x3 |
| 14:02 | xXTOUROXx · wall_segment Palisade Wall x2 |
| 14:02 | Mortis · age_up feudal |
| 14:04 | TheBrian · age_up feudal |
| 14:04 | Sabat · wall_segment Palisade Wall x11 |
| 14:12 | KRYPTAERNN · wall_segment Palisade Wall x3 |
| 14:12 | KRYPTAERNN · wall_segment Palisade Wall x1 |
| 14:13 | KRYPTAERNN · wall_segment Palisade Wall x1 |
| 14:13 | KRYPTAERNN · wall_segment Palisade Wall x1 |
| 14:28 | Sabat · age_up feudal |
| 14:36 | DarkIce4999 · first_building Stable |
| 14:39 | 1 · age_up feudal |
| 15:29 | DarkIce4999 · wall_segment Palisade Wall x12 |
| 15:35 | wirsing · wall_segment Palisade Wall x8 |
| 15:37 | wirsing · wall_segment Palisade Wall x2 |
| 15:41 | wirsing · wall_segment Palisade Wall x6 |
| 15:43 | wirsing · wall_segment Palisade Wall x5 |
| 15:45 | wirsing · wall_segment Palisade Wall x2 |
| 15:56 | 1 · wall_segment Palisade Wall x10 |
| 16:04 | DarkIce4999 · wall_segment Palisade Wall x2 |
| 16:08 | DarkIce4999 · wall_segment Palisade Wall x3 |
| 16:25 | TheBrian · wall_segment Palisade Wall x1 |
| 16:44 | xXTOUROXx · first_building Barracks |
| 16:50 | Sabat · wall_segment Palisade Wall x6 |
| 17:08 | 1 · wall_segment Palisade Wall x12 |
| 17:54 | KRYPTAERNN · wall_segment Palisade Wall x4 |
| 18:04 | xXTOUROXx · age_up feudal |
| 18:09 | TheBrian · age_up castle |
| 18:11 | 1 · age_up castle |
| 18:22 | Mortis · age_up castle |
| 18:45 | xXTOUROXx · wall_segment Stone Wall x21 |
| 18:55 | wirsing · age_up castle |
| 18:59 | Sabat · age_up castle |
| 19:12 | Sabat · first_building Castle |
| 19:32 | KRYPTAERNN · age_up castle |
| 20:18 | wirsing · first_building Castle |
| 20:31 | xXTOUROXx · wall_segment Stone Wall x12 |
| 21:09 | xXTOUROXx · wall_segment Stone Wall x4 |
| 21:11 | xXTOUROXx · wall_segment Stone Wall x5 |
| 21:32 | Mortis · first_market_buy 100 food |
| 21:56 | Sabat · first_market_buy 100 food |
| 21:58 | xXTOUROXx · wall_segment Stone Wall x8 |
| 22:02 | TheBrian · wall_segment Stone Wall x4 |
| 22:18 | Mortis · first_building Castle |
| 22:24 | DarkIce4999 · wall_segment Palisade Wall x13 |
| 22:35 | TheBrian · first_market_sell 100 food |
| 22:36 | TheBrian · first_market_buy 100 stone |
| 22:41 | TheBrian · first_building Castle |
| 23:06 | wirsing · first_market_buy 100 stone |
| 23:16 | xXTOUROXx · age_up castle |
| 23:20 | Mortis · first_building Siege Workshop |
| 25:35 | DarkIce4999 · first_building Monastery |
| 26:11 | xXTOUROXx · first_building Castle |
| 26:15 | TheBrian · first_building Siege Workshop |
| 26:32 | Mortis · first_market_sell 100 wood |
| 26:56 | KRYPTAERNN · wall_segment Palisade Wall x1 |
| 26:56 | KRYPTAERNN · wall_segment Palisade Wall x2 |
| 27:08 | DarkIce4999 · first_building Castle |
| 27:31 | TheBrian · first_building Barracks |
| 27:39 | 1 · first_building Castle |
| 28:11 | 1 · first_market_sell 100 wood |
| 28:12 | 1 · first_market_buy 100 food |
| 28:30 | DarkIce4999 · first_building Siege Workshop |
| 30:51 | wirsing · first_market_sell 100 wood |
| 31:35 | Sabat · first_market_sell 100 food |
| 31:38 | wirsing · first_building Siege Workshop |
| 32:58 | Sabat · first_building Barracks |
| 33:27 | 1 · first_building Barracks |
| 34:04 | TheBrian · first_building Archery Range |
| 34:11 | wirsing · age_up imperial |
| 34:27 | KRYPTAERNN · first_building Siege Workshop |
| 34:46 | Sabat · first_building Archery Range |
| 34:56 | Sabat · first_building Monastery |
| 36:05 | KRYPTAERNN · first_building Monastery |
| 36:22 | 1 · first_building Stable |
| 36:52 | Sabat · age_up imperial |
| 38:28 | 1 · resign |
| 39:41 | Mortis · first_building Barracks |
| 40:12 | KRYPTAERNN · age_up imperial |
| 40:29 | wirsing · first_building Barracks |
| 41:50 | Mortis · age_up imperial |
| 42:08 | wirsing · first_building Stable |
| 43:21 | xXTOUROXx · age_up imperial |
| 45:12 | KRYPTAERNN · tribute_sent a jugador 1 |
| 45:12 | KRYPTAERNN · tribute_sent a jugador 2 |
| 45:12 | KRYPTAERNN · tribute_sent a jugador 3 |
| 45:12 | KRYPTAERNN · tribute_sent a jugador 4 |
| 45:12 | KRYPTAERNN · tribute_sent a jugador 6 |
| 45:12 | KRYPTAERNN · tribute_sent a jugador 7 |
| 45:12 | KRYPTAERNN · tribute_sent a jugador 8 |
| 47:17 | KRYPTAERNN · first_building Archery Range |
| 47:40 | DarkIce4999 · first_building Archery Range |
| 49:18 | xXTOUROXx · tribute_sent a jugador 1 |
| 49:18 | xXTOUROXx · tribute_sent a jugador 3 |
| 49:18 | xXTOUROXx · tribute_sent a jugador 4 |
| 49:18 | xXTOUROXx · tribute_sent a jugador 5 |
| 49:18 | xXTOUROXx · tribute_sent a jugador 6 |
| 49:18 | xXTOUROXx · tribute_sent a jugador 7 |
| 49:18 | xXTOUROXx · tribute_sent a jugador 8 |
| 52:40 | KRYPTAERNN · tribute_sent a jugador 1 |
| 52:40 | KRYPTAERNN · tribute_sent a jugador 2 |
| 52:40 | KRYPTAERNN · tribute_sent a jugador 3 |
| 52:40 | KRYPTAERNN · tribute_sent a jugador 4 |
| 52:40 | KRYPTAERNN · tribute_sent a jugador 6 |
| 52:40 | KRYPTAERNN · tribute_sent a jugador 7 |
| 52:40 | KRYPTAERNN · tribute_sent a jugador 8 |
| 54:02 | KRYPTAERNN · tribute_sent a jugador 1 |
| 54:02 | KRYPTAERNN · tribute_sent a jugador 2 |
| 54:02 | KRYPTAERNN · tribute_sent a jugador 3 |
| 54:02 | KRYPTAERNN · tribute_sent a jugador 4 |
| 54:02 | KRYPTAERNN · tribute_sent a jugador 6 |
| 54:02 | KRYPTAERNN · tribute_sent a jugador 7 |
| 54:02 | KRYPTAERNN · tribute_sent a jugador 8 |
| 54:02 | wirsing · tribute_sent a jugador 1 |
| 54:02 | wirsing · tribute_sent a jugador 2 |
| 54:02 | wirsing · tribute_sent a jugador 3 |
| 54:02 | wirsing · tribute_sent a jugador 4 |
| 54:02 | wirsing · tribute_sent a jugador 5 |
| 54:02 | wirsing · tribute_sent a jugador 6 |
| 54:02 | wirsing · tribute_sent a jugador 8 |
| 54:59 | Sabat · first_building Siege Workshop |
| 55:40 | DarkIce4999 · first_market_buy 100 wood |
| 57:57 | KRYPTAERNN · tribute_sent a jugador 1 |
| 57:57 | KRYPTAERNN · tribute_sent a jugador 2 |
| 57:57 | KRYPTAERNN · tribute_sent a jugador 3 |
| 57:57 | KRYPTAERNN · tribute_sent a jugador 4 |
| 57:57 | KRYPTAERNN · tribute_sent a jugador 6 |
| 57:57 | KRYPTAERNN · tribute_sent a jugador 7 |
| 57:57 | KRYPTAERNN · tribute_sent a jugador 8 |
| 59:23 | xXTOUROXx · first_building Monastery |
| 65:07 | KRYPTAERNN · wall_segment Palisade Wall x4 |
[ AI ANALYSIS · 1 CREDIT ]
What really happened in this match?
Wolo.gg analyzes every decision: build order, eco, micro, common mistakes by bracket. Personalized analysis on WhatsApp or Discord in 30 seconds.
Civ guide
Mapuche
Map guide
Nomad
Perfil
Sabat